 Dungeon Crawl Stone Soup version 0.29-a0-356-g7bc237e783 (webtiles) character file.

Game seed: 14238334538237115556

14 Hubjo the Firebug (level 2, 0/16 HPs)
             Began as a Deep Elf Fire Elementalist on Apr 26, 2022.
             Slain by an adder (4 damage)
             ... on level 2 of the Dungeon.
             The game lasted 00:00:54 (1701 turns).

Hubjo the Firebug (Deep Elf Fire Elementalist)      Turns: 1701, Time: 00:00:55

Health: 0/16       AC:  2    Str:  5    XL:     2   Next: 31%
Magic:  7/8        EV: 12    Int: 19    God:
Gold:   99         SH:  0    Dex: 15    Spells: 6/7 levels left

rFire   . . .      SeeInvis .   d - +0 short sword
rCold   . . .      Faith    .   (no shield)
rNeg    . . .      Spirit   .   a - +0 robe
rPois   .          Reflect  .   (no helmet)
rElec   .          Harm     .   (no cloak)
rCorr   .          Rampage  .   (no gloves)
Will    .....                   (no boots)
Stlth   ++........              (no amulet)
HPRegen 0.05/turn               (no ring)
MPRegen 0.11/turn               (no ring)

@: no status effects
A: no striking features
a: no special abilities


You were on level 2 of the Dungeon.
You visited 1 branch of the dungeon, and saw 2 of its levels.

You collected 99 gold pieces.

Inventory:

Hand Weapons
 d - a +0 short sword (weapon)
Armour
 a - a +0 robe (worn)
Scrolls
 f - a scroll of magic mapping {unknown}
Potions
 b - a potion of magic
 c - a potion of cancellation {unknown}
 e - a potion of heal wounds {unknown}
 g - a potion of curing {unknown}
 h - a potion of might {unknown}


   Skills:
 * Level 0.9 Fighting
 - Level 2.4 Dodging
 + Level 2.8 Stealth
 + Level 3.2 Spellcasting
 - Level 1.1 Conjurations
 + Level 3.4 Fire Magic


You had 6 spell levels left.
You knew the following spells:

 Your Spells              Type           Power      Damage    Failure   Level
a - Foxfire               Conj/Fire      44%        2x1d6     6%          1

Your spell library contained the following spells:

 Spells                   Type           Power      Damage    Failure   Level
 Scorch                   Fire           32%        2d6       5%          2
 Conjure Flame            Conj/Fire      11%        6-21      17%         3
 Inner Flame              Hex/Fire       9%         N/A       22%         3
 Flame Wave               Conj/Fire      11%        2d5       50%         4


Dungeon Overview and Level Annotations

Branches:
Dungeon (2/15)

Altars:


Message History

You conjure some foxfire!
The foxfire hits the adder.
The adder is lightly wounded.
There is not enough space to conjure foxfire!
You miss the adder.
The adder is lightly wounded.
The adder bites you.
There is not enough space to conjure foxfire!
There is not enough space to conjure foxfire!
There is not enough space to conjure foxfire!
You closely miss the adder.
The adder is lightly wounded.
The adder bites you.
You are poisoned.
The adder poisons you! The adder closely misses you.
You hit the adder.
The adder is heavily wounded.
You feel sick. The adder closely misses you.
You closely miss the adder.
The adder is heavily wounded.
You feel sick. The adder closely misses you.
The adder bites you but does no damage.
You hit the adder.
The adder is almost dead.
You feel sick. The adder misses you.
You miss the adder.
The adder is almost dead.
You feel sick. The adder barely misses you.
You miss the adder.
The adder is almost dead.
You feel sick.
You are no longer poisoned.
The adder barely misses you. The adder bites you.
* * * LOW HITPOINT WARNING * * *
You closely miss the adder.
The adder is almost dead.
The adder closely misses you.
You closely miss the adder.
The adder is almost dead.
The adder barely misses you. The adder bites you.
You die...

# .# # .#.⌠.
####...#
#####.@S...#
##...#.###.#...
##P.....#
#.....#.##
#..........
#.####.####
##.####.#
#.......#
♣.♣♣#####


You could see an adder.

Vanquished Creatures
  A dart slug (D:1)
  A giant cockroach (D:2)
  3 goblins (D:1)
  3 kobolds
  A quokka (D:1)
  A ball python (D:1)
  2 frilled lizards (D:1)
12 creatures vanquished.

Vanquished Creatures (others)
  65 foxfires
  A plant (D:2)
66 creatures vanquished.

Grand Total: 78 creatures vanquished

Notes
Turn   | Place    | Note
-------+----------+-------------------------------------------
     0 | D:1      | Hubjo the Deep Elf Fire Elementalist began the quest for
                  | the Orb.
     0 | D:1      | Reached XP level 1. HP: 10/10 MP: 6/6
     2 | D:1      | Noticed a tengu
     4 | D:1      | Noticed a gargoyle
     4 | D:1      | Noticed an ogre
     6 | D:1      | Noticed a formicid
     8 | D:1      | Noticed a merfolk
     8 | D:1      | Noticed a naga
    10 | D:1      | Noticed a draconian
    12 | D:1      | Noticed a vampire
    12 | D:1      | Noticed a troll
    14 | D:1      | Noticed an octopode
    14 | D:1      | Noticed a spriggan
    16 | D:1      | Noticed a human
    16 | D:1      | Noticed a felid
    18 | D:1      | Noticed an elf
    18 | D:1      | Noticed a demigod
    20 | D:1      | Noticed a dwarf
    20 | D:1      | Noticed a vine stalker
    22 | D:1      | Noticed a demonspawn
    22 | D:1      | Noticed a minotaur
    24 | D:1      | Noticed a ghoul
   777 | D:1      | Reached XP level 2. HP: 16/16 MP: 5/8
  1701 | D:2      | Slain by an adder

Illustrated notes

Levels and vault maps discovered:
D:1:      kb_arrival_jail, layout_basic, dreamdust_wishing_well
D:2:      minmay_chambers_of_twos, layout_loops_ring, basic_altar,
          serial_forest, infiniplex_forest_straight_5,
          infiniplex_forest_clump_cross, infiniplex_forest_fountain,
          infiniplex_forest_clump_tiny, infiniplex_forest_lined_3,
          infiniplex_forest_clump_cross, infiniplex_forest_fountain,
          dreamdust_ecumenical_altar_angels_and_demons,
          chequers_serial_rivers_small_3, grunt_decor_one_mirror

Action                   || total
-------------------------++-------
Melee: Short sword       ||    14
 Cast: Foxfire           ||    54
Armor: Robe              ||     2
Dodge: Dodged            ||    10

Table legend: (Time is in decaauts)
 A = Elapsed time spent in this place.
 B = Non-inter-level travel time spent in this place.
 C = Inter-level travel time spent in this place.
 D = Time resting spent in this place.
 E = Time spent auto-exploring this place.
 F = Levels seen in this place.
 G = Mean time per level.
                   A        B        C        D        E       F      G
               +--------+--------+--------+--------+--------+-----+--------+
         Total |   1701 |   1660 |     41 |      0 |   1529 |   2 |  850.5 |
       Dungeon |   1701 |   1660 |     41 |      0 |   1529 |   2 |  850.5 |
               +--------+--------+--------+--------+--------+-----+--------+

Top non-repeatable levels by time:
     D:1: 1230 daAuts
     D:2: 470 daAuts
